 Dungeon Crawl Stone Soup version 0.31.0-32-g396128a36d (webtiles) character file.

Game seed: 4328073302530344907

179 Ahpoh the Ruffian (level 5, -3/41 HPs)
             Began as a Draconian Shapeshifter on Apr 22, 2024.
             Was an Initiate of Wu Jian.
             Slain by a gnoll
             ... wielding a +0 whip
              (9 damage)
             ... on level 4 of the Dungeon.
             The game lasted 00:06:29 (2866 turns).

Ahpoh the Ruffian (Draconian Shapeshifter)          Turns: 2866, Time: 00:06:29

Health: -3/41      AC:  5    Str: 18    XL:     5   Next: 33%
Magic:  5/5        EV: 12    Int: 10    God:    Wu Jian [......]
Gold:   150        SH:  0    Dex: 11    Spells: 4/4 levels left

rFire   . .          .
                       - Unarmed
rCold   . . .        (no shield)
rNeg    . . .        (body armour unavailable)
rPois   .            (helmet currently unavailable)
rElec   .            (cloak currently unavailable)
rCorr   .            (gloves currently unavailable)
SInv    .            (boots currently unavailable)
Will    .....        m - amulet of the acrobat
Stlth   +            n - +4 ring of slaying
HPRegen 0.26/turn    (no ring)
MPRegen 0.09/turn

%: acrobat
@: about to teleport, beast-form, studying Invocations
A: beast (slay +2), AC +5, unfitting armour, cold-blooded
a: Begin Untransformation, Renounce Religion


You were on level 4 of the Dungeon.
You worshipped Wu Jian.
Wu Jian was noncommittal.
You were a hulking beast.
You visited 1 branch of the dungeon, and saw 4 of its levels.

You collected 150 gold pieces.

Inventory:

Armour
 g - a +1 helmet of intelligence
Jewellery
 m - an amulet of the acrobat (around neck)
 n - a +4 ring of slaying (left hand)
 q - a +6 ring of strength
Talismans
 b - a beast talisman (active)
 c - a flux talisman
Scrolls
 j - a scroll of amnesia
 k - a scroll of teleportation
Potions
 a - 4 potions of lignification
 d - a potion of enlightenment {unknown}
 f - a potion of attraction {unknown}
 h - a potion of curing
 i - 3 potions of degeneration {unknown}
 o - 2 potions of heal wounds {unknown}
 p - a potion of mutation {unknown}


   Skills:
 * Level 2.1 Fighting
 * Level 2.3 Dodging
 * Level 4.8 Unarmed Combat
 * Level 3.8 Shapeshifting


You had 4 spell levels left.
You didn't know any spells.
Your spell library was empty.

Dungeon Overview and Level Annotations

Branches:
Dungeon (4/15)
 Temple: D:4-7

Altars:
Vehumet
Wu Jian


Innate Abilities, Weirdness & Mutations

You are a hulking beast.
Your limbs bulge with bestial killing power. (Slay +2)
Your plain brown scales are hard. (AC +5)
You cannot fit into any form of body armour.
You are cold-blooded and may be slowed by cold attacks.


Message History

You see here a +0 flail.
The gnoll completely misses you. The gnoll completely misses you.
The gnoll completely misses you.
You closely miss the gnoll. You barely miss the gnoll.
The gnoll hits you with a +0 whip!
You hit the gnoll.
The gnoll is lightly wounded.
The gnoll hits you with a +0 whip.
You hit the gnoll.
The gnoll is heavily wounded.
You barely miss the gnoll. The gnoll barely misses you.
The gnoll closely misses you.
A gnoll comes into view.
It is wielding a +0 halberd and quivering a throwing net.
You hit the gnoll.
Your tail-slap misses the gnoll.
The gnoll is moderately wounded.
The gnoll throws a throwing net.
The throwing net hits you.
You become entangled in the net!
The gnoll hits you with a +0 whip.
You tear a large gash into the net.
The gnoll hits you but does no damage. The gnoll hits you with a +0 club.
You struggle against the net.
The gnoll barely misses you. The gnoll hits you with a +0 club.
You rip the net and break free!
The gnoll hits you with a +0 whip. The gnoll hits you with a +0 club.
* * * LOW HITPOINT WARNING * * *
The gnoll hits you with a +0 club!
* * * LOW HITPOINT WARNING * * *
The gnoll closely misses you.
You feel better. The gnoll hits you with a +0 whip.
* * * LOW HITPOINT WARNING * * *
The gnoll hits you but does no damage.
You feel better. The gnoll hits you with a +0 whip.
The gnoll hits you but does no damage.
You feel better. The gnoll hits you with a +0 club.
The gnoll hits you with a +0 whip.
The gnoll hits you from afar with a +0 halberd!
* * * LOW HITPOINT WARNING * * *
As you read the scroll of teleportation, it crumbles to dust.
You feel strangely unstable. The gnoll hits you with a +0 whip!
You die...

#.............#
.....#.............#
....#.............# .
#.gg#.............#
..##...#.............#
.......#))...........#
.......#........†....#
.......#g............#
.......g.h...........#
..##...#g....)†......#
##'##..)..........#
#.. #.............# #.
#....>........# +
#.............#
#........<....#
#.............#
#.............#


You could see 3 gnolls.

Vanquished Creatures
  3 gnolls (D:4)
  6 adders
  3 dart slugs
  5 ribbon worms (D:2)
  7 orcs
  8 endoplasms
  2 giant cockroaches (D:1)
  6 goblins
  5 hobgoblins
  5 jackals
  A quokka (D:1)
  4 ball pythons
  8 bats
  A kobold (D:1)
  6 rats
70 creatures vanquished.

Notes
Turn   | Place    | Note
-------+----------+-------------------------------------------
     0 | D:1      | Ahpoh the Draconian Shapeshifter began the quest for the
                  | Orb.
     0 | D:1      | Reached XP level 1. HP: 16/16 MP: 1/1
    23 | D:1      | Found a faded altar of an unknown god.
   146 | D:1      | Reached XP level 2. HP: 13/23 MP: 2/2
   970 | D:2      | Reached XP level 3. HP: 19/28 MP: 3/3
  1382 | D:2      | Reached skill level 4 in Unarmed Combat
  1403 | D:2      | Reached XP level 4. HP: 35/35 MP: 4/4
  2074 | D:3      | Found an ornate altar of the Wu Jian Council.
  2089 | D:3      | Became a worshipper of the Wu Jian Council
  2478 | D:3      | Reached XP level 5. HP: 41/41 MP: 5/5
  2784 | D:4      | Found a radiant altar of Vehumet.
  2866 | D:4      | Slain by a gnoll

Illustrated notes

Levels and vault maps discovered:
D:1:      amcnicky_arrival_single_pillar, layout_basic, basic_ecumenical_altar,
          grunt_decor_junction, dreamdust_princess_bridge, glass_columns_a,
          kennysheep_flooded_box
D:2:      layout_loops_ring, mrwooster_statue_mirror
D:3:      layout_basic, mainiacjoe_overflow_concentric_impassable,
          hangedman_feature_mirror
D:4:      layout_gridville, lemuel_tele_altar, mainiacjoe_overflow_tiny_flanked,
          nicolae_qazlal_style_of_elements, fiery_altar_vehumet

Skill      XL: |  1  2  3  4 |
---------------+-------------+-----
Dodging        | 2 |  2.3
Unarmed Combat | 4 |  4.8
Fighting       | 2 |  2.1
Shapeshifting  | |  3.8

Action                     |  1- 3 |  4- 6 || total
---------------------------+-------+-------++-------
  Melee: Unarmed           |    96 |    85 ||   181
         Tailslap          |    16 |     7 ||    23
         Punch             |     2 |     1 ||     3
Ability: Lunge             |       |    10 ||    10
    Use: Scroll            |       |     6 ||     6
         Potion            |       |     3 ||     3
   Stab: Sleeping          |       |     1 ||     1
 Armour: Skin              |    48 |    67 ||   115
  Dodge: Dodged            |    63 |    65 ||   128
   Form: Beast             |     2 |       ||     2
                           |     1 |       ||     1
